 Dungeon Crawl Stone Soup version 0.30.1-3-gfc49f6343a (webtiles) character file.

Game seed: 1533350527091970245

331 spardeous the Digger (level 6, 0/45 HPs)
             Began as a Demigod Earth Elementalist on July 20, 2023.
             Killed by divine providence
             ... invoked by an orc priest
              (10 damage)
             ... on level 4 of the Dungeon.
             The game lasted 00:05:13 (3621 turns).

spardeous the Digger (Demigod Earth Elementalist)   Turns: 3621, Time: 00:05:14

Health: 0/45       AC:  7    Str:  9    XL:     6   Next: 5%
Magic:  1/11       EV: 12    Int: 25    God:
Gold:   196        SH:  5    Dex: 20    Spells: 4/8 levels left

rFire   . . .        a - staff of earth
rCold   . . .        (no shield)
rNeg    . . .        l - +0 leather armour
rPois   .            (no helmet)
rElec   .            n - +0 cloak
rCorr   +            u - +2 pair of gloves
SInv    .            (no boots)
Will    .....        j - amulet of reflection
Stlth   ++           i - +6 ring of dexterity
HPRegen 0.27/turn    m - ring of resist corrosion
MPRegen 0.12/turn

%: reflection
@: no status effects
A: high MP 1, forlorn, divine attributes
a: no special abilities


You were on level 4 of the Dungeon.
You visited 1 branch of the dungeon, and saw 4 of its levels.

You collected 196 gold pieces.

Inventory:

Hand Weapons
 o - the +3 whip "Catawa Ketid" {flame, rC+}
   (You found it on level 2 of the Dungeon)

   rC:        It protects you from cold.
Armour
 l - a +0 leather armour (worn)
 n - a +0 cloak (worn)
 u - a +2 pair of gloves (worn)
Magical Staves
 a - a staff of earth (weapon)
Jewellery
 i - a +6 ring of dexterity (left hand)
 j - an amulet of reflection (around neck)
 m - a ring of resist corrosion (right hand)
 s - an amulet of guardian spirit
Scrolls
 c - 2 scrolls of enchant armour {unknown}
 f - a scroll of teleportation {unknown}
 g - 5 scrolls of identify {unknown}
 q - a scroll of magic mapping {unknown}
 r - a scroll of vulnerability {unknown}
 v - a scroll of fear {unknown}
Potions
 b - 2 potions of magic
 d - 2 potions of heal wounds {unknown}
 e - a potion of lignification {unknown}
 h - 2 potions of flight {unknown}
 k - a potion of brilliance {unknown}
 p - 2 potions of haste {unknown}
 t - 2 potions of resistance {unknown}


   Skills:
 - Level 1.7 Dodging
 - Level 1.7 Stealth
 - Level 1.7 Spellcasting
 - Level 0.8 Transmutations
 + Level 6.5 Earth Magic


You had 4 spell levels left.
You knew the following spells:

 Your Spells              Type           Power      Damage    Failure   Level
a - Sandblast             Erth           100%       2d20      1%          1
b - Stone Arrow           Conj/Erth      54%        3d10      13%         3

Your spell library contained the following spells:

 Spells                   Type           Power      Damage    Failure   Level
 Passwall                 Tmut/Erth      25%        N/A       5%          2
 Beastly Appendage        Tmut           12%        N/A       12%         1
 Wereblood                Tmut           6%         N/A       17%         2
 Petrify                  Tmut/Erth      30%        N/A       34%         4
 Spider Form              Tmut/Pois      4%         N/A       38%         3
 Cause Fear               Hex            1%         N/A       85%         4
 Dragon Form              Tmut           3%         N/A       100%        7
 Dragon's Call            Summ           1%         N/A       100%        9


Dungeon Overview and Level Annotations

Branches:
Dungeon (4/15)
 Temple: D:4-7

Annotations:
D:4 4 runed translucent doors


Innate Abilities, Weirdness & Mutations

You have an increased reservoir of magic. (+10% MP)
You shall have no god before yourself.
Your divine heritage dramatically boosts your attributes as you level up.


Message History

You feel a surge of power!
The blast of sand hits the gnoll bouda!
You kill the gnoll bouda!
The gnoll sergeant hits you from afar with a +1 heavy trident.
You have reached level 6!
Your experience leads to a dramatic increase in your attributes!
Your base attributes are Str 9, Int 21, Dex 14.
Increase (S)trength, (I)ntelligence, or (D)exterity?
You feel clever. x4
Casting: Sandblast (safe; 1% risk of failure)
Confirm with . or Enter, or press ? or * to list all spells.
Aiming: Sandblast (safe; 1% risk of failure)
Press: ? - help, Shift-Dir - straight line, f - gnoll sergeant
Aim: a gnoll sergeant, wielding a +1 heavy trident and wearing a +0 scale mail (covering ground quickly, 89% to hit)
You feel a surge of power!
The blast of sand misses the gnoll sergeant.
The blast of sand hits the gnoll but does no damage.
You block the gnoll sergeant's attack.
Casting: Sandblast (safe; 1% risk of failure)
Confirm with . or Enter, or press ? or * to list all spells.
Aiming: Sandblast (safe; 1% risk of failure)
Press: ? - help, Shift-Dir - straight line, f/p - gnoll sergeant
Aim: a gnoll sergeant, wielding a +1 heavy trident and wearing a +0 scale mail (covering ground quickly, 89% to hit)
You feel a surge of power!
The blast of sand hits the gnoll sergeant but does no damage.
The gnoll sergeant hits you from afar with a +1 heavy trident!
Casting: Sandblast (safe; 1% risk of failure)
Confirm with . or Enter, or press ? or * to list all spells.
Aiming: Sandblast (safe; 1% risk of failure)
Press: ? - help, Shift-Dir - straight line, f/p - gnoll sergeant
Aim: a gnoll sergeant, wielding a +1 heavy trident and wearing a +0 scale mail (covering ground quickly, 89% to hit)
You feel a surge of power!
The blast of sand hits the gnoll sergeant!
The gnoll sergeant is heavily wounded.
The gnoll sergeant barely misses you.
The orc priest invokes the aid of Beogh against you.
Beogh smites you!
* * * LOW HITPOINT WARNING * * *
The orc priest invokes the aid of Beogh against you.
Beogh smites you!
You die...

#..'....... ###
##..##......
#..######...#
####.
............##
.#...........#
.......#..>..#
##.....#.....#
#.....#.....######
#.....'.)..ggg)@.+
#.....#...og######
#.....#.....#
#######..o..#
########..#######
.................
~~≈~≈~≈~....~~~~~
≈≈≈~≈≈≈~....~~≈≈≈
~~~~~~~~....~≈~~~


You could see a gnoll sergeant (swift), an orc priest and 3 gnolls.

Vanquished Creatures
  A black bear (D:4)
  A gnoll bouda (D:4)
  Jessica (D:3)
  Natasha (twice) (D:3)
  Terence (D:3)
  2 adders
  A gnoll (D:4)
  A worm (D:2)
  3 dart slugs
  4 orcs (D:4)
  8 endoplasms
  A giant cockroach (D:3)
  8 goblins
  9 hobgoblins
  6 jackals
  A quokka (D:2)
  8 ball pythons
  4 bats
  4 frilled lizards
  6 kobolds
  7 rats
79 creatures vanquished.

Notes
Turn   | Place    | Note
-------+----------+-------------------------------------------
     0 | D:1      | spardeous the Demigod Earth Elementalist began the quest
                  | for the Orb.
     0 | D:1      | Reached XP level 1. HP: 14/14 MP: 5/5
   389 | D:1      | Reached skill level 3 in Earth Magic
   591 | D:2      | Reached XP level 2. HP: 20/20 MP: 2/7
   897 | D:2      | Reached XP level 3. HP: 26/26 MP: 5/8
   983 | D:2      | Reached skill level 4 in Earth Magic
  1340 | D:2      | Identified the +3 whip "Catawa Ketid" {flame, rC+}
  1574 | D:3      | Noticed Jessica
  1580 | D:3      | Killed Jessica
  1581 | D:3      | Reached XP level 4. HP: 24/33 MP: 9/9
  1939 | D:3      | Noticed Terence
  1956 | D:3      | Killed Terence
  1957 | D:3      | Reached skill level 5 in Earth Magic
  2182 | D:3      | Noticed Natasha
  2187 | D:3      | Killed Natasha
  2259 | D:3      | Noticed Natasha
  2265 | D:3      | Killed Natasha
  2266 | D:3      | Reached XP level 5. HP: 36/38 MP: 10/10
  2451 | D:3      | Learned a level 3 spell: Stone Arrow
  3183 | D:4      | Noticed a black bear
  3200 | D:4      | Killed a black bear
  3201 | D:4      | Reached skill level 6 in Earth Magic
  3464 | D:4      | Found a large runed translucent door.
  3464 | D:4      | Found a large runed translucent door.
  3468 | D:4      | Noticed a centaur
  3475 | D:4      | Found a large runed translucent door.
  3475 | D:4      | Found a large runed translucent door.
  3619 | D:4      | Reached XP level 6. HP: 36/45 MP: 4/11
  3621 | D:4      | Killed from afar by an orc priest

Illustrated notes

Levels and vault maps discovered:
D:1:      dpeg_arrival_short_road, layout_basic
D:2:      cheibrodos_greedy_goblins, layout_rooms, serial_aquarium,
          aquarium_bridge_square [aquarium_subvault_window,
          aquarium_subvault_bridge, aquarium_subvault_bridge,
          aquarium_subvault_balcony], aquarium_window_1, aquarium_window_1,
          aquarium_view_2a, basic_altar, grunt_ministairs_11
D:3:      layout_loops_corners, gammafunk_temple_overflow_elements,
          ebering_ecumenical_altar_petrified, dreamdust_princess_bridge,
          uniq_natasha, uniq_jessica, uniq_terence
D:4:      lemuel_castle_with_subvaults [lemuel_castle_interior_original],
          layout_basic, minmay_hollow_rounded_squares

Skill      XL: |  1  2  3  4  5 |
---------------+----------------+-----
Earth Magic    | 3 4 5 6 |  6.5
Dodging        | |  1.7
Stealth        | |  1.7
Spellcasting   | |  1.7
Transmutations | |  0.8

Action                     |  1- 3 |  4- 6 || total
---------------------------+-------+-------++-------
  Melee: Whip              |     6 |    83 ||    89
         Punch             |       |     1 ||     1
   Cast: Sandblast         |    52 |    16 ||    68
   Stab: Sleeping          |     1 |     5 ||     6
 Armour: Leather armour    |     1 |    21 ||    22
  Dodge: Dodged            |    12 |    40 ||    52
  Block: Other             |     2 |    14 ||    16
